 Dungeon Crawl Stone Soup version 0.29.1-15-g9cfb28693d (webtiles) character file.

Game seed: 4585059604825427900

122 javelincjr the Shield-Bearer (level 5, -4/27 (28) HPs)
             Began as a Vine Stalker Fighter on May 1, 2023.
             Killed by nerve-wracking pain
             ... invoked by Grinder
              (7 damage)
             ... on level 3 of the Dungeon.
             The game lasted 00:04:01 (2225 turns).

javelincjr the Shield-Bearer (Vine Stalker Fighter) Turns: 2225, Time: 00:04:02

HP:   -4/27 (28)    AC:  7    Str: 21    XL:     5   Next: 6%
MP:   0/6           EV:  9    Int:  8    God:
Gold: 122           SH:  4    Dex: 13    Spells: 4/4 levels left

rFire   . . .      SeeInvis .   a - +0 war axe
rCold   . . .      Faith    .   c - +0 buckler
rNeg    . . .      Spirit   +   b - +0 scale mail
rPois   .          Reflect  .   (no helmet)
rElec   .          Harm     .   (no cloak)
rCorr   .          Rampage  .   g - +0 pair of gloves
Will    .....                   (no boots)
Stlth   ..........              (no amulet)
HPRegen 0.89/turn               (no ring)
MPRegen 0.10/turn               (no ring)

@: lethally poisoned (-4 -> -5), lightly drained
A: fangs 2, regeneration 1, magic shield, antimagic bite, no potion heal 2
a: no special abilities


You were on level 3 of the Dungeon.
You visited 1 branch of the dungeon, and saw 3 of its levels.

You collected 122 gold pieces.

Inventory:

Hand Weapons
 a - a +0 war axe (weapon)
Armour
 b - a +0 scale mail (worn)
 c - a +0 buckler (worn)
 g - a +0 pair of gloves (worn)
Scrolls
 f - 4 scrolls of identify {unknown}
 h - a scroll of fog {unknown}
 i - a scroll of poison {unknown}
 j - 2 scrolls of magic mapping {unknown}
 n - a scroll of enchant armour {unknown}
 o - a scroll of blinking {unknown}
Potions
 d - a potion of might
 e - a potion of ambrosia {unknown}
 k - 3 potions of heal wounds {unknown}
 l - a potion of curing {unknown}
 m - a potion of flight {unknown}


   Skills:
 + Level 3.3 Fighting
 + Level 2.6 Axes
 + Level 3.0 Armour
 + Level 1.2 Dodging
 + Level 3.3 Shields


You had 4 spell levels left.
You didn't know any spells.
Your spell library contained the following spells:

 Spells                   Type           Power      Damage    Failure   Level
 Freeze                   Ice            0%         1d3       83%         1
 Frozen Ramparts          Ice            0%         1d1       99%         3
 Hailstorm                Conj/Ice       0%         3d3       100%        4


Dungeon Overview and Level Annotations

Branches:
Dungeon (3/15)

Altars:

Annotations:
D:3 Grinder


Innate Abilities, Weirdness & Mutations

You have extremely sharp teeth.
Your natural rate of healing is unusually fast.
When hurt, damage is shared between your health and your magic reserves.
Your bite disrupts and absorbs the magic of your enemies.
Potions cannot restore your health.


Message History

You hit the dart slug but do no damage.
The dart slug is severely wounded.
Grinder says, "FISH!"
You block the dart slug's attack. Grinder closely misses you.
You hit the dart slug.
You kill the dart slug!
You slash Grinder! Grinder hits you but does no damage.
You barely miss Grinder. You bite Grinder!
Grinder's magic leaks into the air.
You drain her magic.
You feel invigorated.
Grinder is heavily wounded.
Grinder falters for a moment.
The orc misses you. Grinder barely misses you.
You hit Grinder. Your bite misses Grinder.
Grinder is heavily wounded.
You slash the orc!
You kill the orc!
An adder comes into view.
Grinder completely misses you.
The adder hisses angrily.
You hit Grinder.
Grinder is heavily wounded.
Grinder's magic is no longer disrupted.
Grinder hits you.
You writhe in agony.
You hit Grinder. Your bite misses Grinder.
Grinder is severely wounded.
Grinder completely misses you. Grinder hits you!
You writhe in agony.
You are too injured to fight recklessly!
You are too injured to fight recklessly!
You closely miss Grinder.
Grinder is severely wounded.
You closely miss the adder. The adder bites you.
You are poisoned.
The adder poisons you! Grinder hits you.
You writhe in agony.
* * * LOW HITPOINT WARNING * * *
You slash Grinder!
Grinder is almost dead.
You barely miss the adder.
You feel very sick. The adder bites you but does no damage.
Grinder gestures at you. Pain shoots through your body!
You die...

#...>.....# ....#
#.........# .....
#.........##
......#######..........#
...... ........<.).....#
...$..###...#..........#
...........##...[.......
........................
......†@5..............#
.......)S..............#
.......................#
...........#.#........##
.....$######...###>...
...... #..## ##. ..<...
#..# ...... ..#


You could see Grinder and an adder.

Vanquished Creatures
  8 adders (D:2)
  A worm (D:2)
  2 dart slugs
  2 orcs (D:3)
  A ball python (D:2)
  5 endoplasms
  2 giant cockroaches
  5 goblins
  3 hobgoblins
  2 quokkas
  A bat (D:1)
  3 frilled lizards (D:1)
  2 kobolds (D:2)
  7 rats
44 creatures vanquished.

Notes
Turn   | Place    | Note
-------+----------+-------------------------------------------
     0 | D:1      | javelincjr the Vine Stalker Fighter began the quest for the
                  | Orb.
     0 | D:1      | Reached XP level 1. HP: 11/11 MP: 2/2
   430 | D:1      | Reached XP level 2. HP: 16/16 MP: 3/3
   755 | D:1      | Found a faded altar of an unknown god.
  1241 | D:2      | Reached XP level 3. HP: 6/20 MP: 4/4
  1804 | D:2      | Gained mutation: Your natural rate of healing is unusually
                  | fast. [Vine Stalker growth]
  1804 | D:2      | Reached XP level 4. HP: 23/24 MP: 5/5
  1841 | D:2      | Reached skill level 1 in Dodging
  2182 | D:3      | Reached XP level 5. HP: 28/28 MP: 3/6
  2210 | D:3      | Noticed Grinder
  2225 | D:3      | Killed from afar by Grinder

Illustrated notes

Levels and vault maps discovered:
D:1:      erik_arrival_orb_chamber, layout_basic, basic_ecumenical_altar
D:2:      minmay_diamond_boxcup, layout_rooms
D:3:      layout_rooms, general_overflow_altar, guppyfry_early_orc_mine,
          uniq_ijyb, uniq_grinder

Skill      XL: |  1  2  3  4 |
---------------+-------------+-----
Axes           | 2 |  2.6
Fighting       | 3 |  3.3
Shields        | 3 |  3.3
Dodging        | 1 |  1.2
Armour         | 3 |  3.0

Action                   |  1- 3 |  4- 6 || total
-------------------------+-------+-------++-------
Melee: War axe           |    79 |    50 ||   129
       Bite              |    11 |    16 ||    27
Armor: Scale mail        |    35 |    28 ||    63
Dodge: Dodged            |    29 |    23 ||    52
Block: Buckler           |    13 |     9 ||    22
